 Dungeon Crawl Stone Soup version 0.29.1-15-g9cfb28693d (webtiles) character file.

Game seed: 17357519417443265510

19335 Peloso the Carver (level 12, 0/99 (107) HPs)
             Began as a Minotaur Fighter on Apr 1, 2023.
             Was a High Priest of Okawaru.
             Slain by a minotaur
             ... wielding a +3 demon trident of draining
              (27 damage)
             ... in a Gauntlet.
             The game lasted 00:32:57 (16538 turns).

Peloso the Carver (Minotaur Fighter)               Turns: 16538, Time: 00:32:58

HP:   0/99 (107)    AC: 23    Str: 30    XL:     12   Next: 35%
MP:   0/13          EV: 14    Int:  3    God:    Okawaru [*****.]
Gold: 819           SH:  7    Dex: 14    Spells: 11/11 levels left

rFire   . . .      SeeInvis .   b - +1 long sword (spect)
rCold   + . .      Faith    .   d - +0 buckler
rNeg    + . .      Spirit   +   j - +2 chain mail of Vatzafap {+Blink rN+ rCorr Slay+2}
rPois   +          Reflect  .   (helmet restricted)
rElec   .          Harm     .   (no cloak)
rCorr   +          Rampage  .   M - +1 pair of gloves of Gravity {rPois rC+}
Will    .....      NoTele   +   h - +1 pair of boots
Stlth   ++........              m - amulet of guardian spirit
HPRegen 0.26/turn               D - +6 ring of strength
MPRegen 0.13/turn               B - ring of flight

@: heroic, flying, drained
A: horns 2, retaliatory headbutt, thin skeletal structure 1, dopey 1, shaggy fur
1, (teleportitis 1), subdued magic 1
a: Renounce Religion, Evoke Blink, Heroism, Finesse, Duel


You were in a Gauntlet.
You worshipped Okawaru.
Okawaru was extremely pleased with you.
You visited 3 branches of the dungeon, and saw 14 of its levels.
You also visited: Gauntlet.

You collected 819 gold pieces.

Inventory:

Hand Weapons
 a - a +4 double sword of holy wrath
 b - a +1 spectral long sword (weapon)
 c - a +0 scimitar of flaming
Missiles
 C - 3 throwing nets (quivered)
Armour
 d - a +0 buckler (worn)
 h - a +1 pair of boots (worn)
 j - the +2 chain mail of Vatzafap (worn) {+Blink rN+ rCorr Slay+2}
   (You found it on level 2 of the Dungeon)

   Slay:      It affects your accuracy & damage with ranged weapons and melee
   (+2).
   rN:        It protects you from negative energy.
   +Blink:    It lets you blink.
   rCorr:     It protects you from acid and corrosion.
 M - the +1 pair of gloves of Gravity (worn) {rPois rC+}
   (Okawaru gifted it to you on level 10 of the Dungeon)

   rC:        It protects you from cold.
   rPois:     It protects you from poison.
Jewellery
 m - an amulet of guardian spirit (around neck)
 n - a ring of resist corrosion
 s - the ring "Vostro" {Fire rPois Str+4}
   (You found it in a Gauntlet)

   [ring of fire]

   It enhances your fire magic.
   Str:       It affects your strength (+4).
   rF:        It protects you from fire.
   rC:        It makes you vulnerable to cold.
   rPois:     It protects you from poison.
 t - a +6 ring of dexterity
 x - a ring of fire
 B - a ring of flight (right hand)
 D - a +6 ring of strength (left hand)
 E - a +4 ring of evasion
 J - a ring of wizardry
 Q - a +6 ring of intelligence
Wands
 r - a wand of flame (6)
 K - a wand of digging (4)
Scrolls
 e - a scroll of fog
 f - a scroll of silence
 g - a scroll of brand weapon
 i - 3 scrolls of immolation
 k - 4 scrolls of enchant weapon
 o - 2 scrolls of teleportation
 q - 2 scrolls of enchant armour
 v - 2 scrolls of magic mapping
 w - a scroll of acquirement
 y - 2 scrolls of fear
Potions
 l - 2 potions of brilliance
 p - a potion of resistance
 u - 2 potions of curing
 z - 4 potions of cancellation
 A - 2 potions of lignification
 G - a potion of berserk rage
 I - 2 potions of might
 L - a potion of magic
 N - 10 potions of ambrosia
 O - a potion of mutation
 P - 2 potions of invisibility {unknown}
 R - a potion of heal wounds {unknown}
 S - a potion of haste {unknown}


   Skills:
 + Level 10.4(15.4) Fighting
 + Level 14.3(19.3) Long Blades
 + Level 13.1(18.1) Armour
 + Level 5.6(10.6) Dodging
 + Level 3.9(8.9) Stealth
 + Level 8.8(13.8) Shields
 + Level 3.3 Invocations
 + Level 1.0 Evocations


You had 11 spell levels left.
You didn't know any spells.
Your spell library contained the following spells:

 Spells                   Type           Power      Damage    Failure   Level
 Foxfire                  Conj/Fire      0%         2x1d4     88%         1
 Freeze                   Ice            0%         1d3       88%         1
 Shock                    Conj/Air       0%         1d3       88%         1
 Ensorcelled Hibernation  Hex/Ice        0%         N/A       96%         2
 Static Discharge         Conj/Air       0%         3-3/arc   96%         2
 Conjure Flame            Conj/Fire      0%         6-21      99%         3
 Dazzling Flash           Conj/Hex       0%         N/A       99%         3
 Frozen Ramparts          Ice            0%         1d1       99%         3
 Inner Flame              Hex/Fire       0%         N/A       99%         3
 Portal Projectile        Hex/Tloc       0%         N/A       99%         3
 Spider Form              Tmut/Pois      0%         N/A       99%         3
 Swiftness                Air            0%         N/A       99%         3
 Airstrike                Air            0%         2d(0-16)  100%        4
 Anguish                  Hex/Necr       0%         N/A       100%        4
 Dispel Undead            Necr           0%         3d6       100%        4
 Flame Wave               Conj/Fire      0%         2d4       100%        4
 Hailstorm                Conj/Ice       0%         3d3       100%        4
 Ice Form                 Ice/Tmut       0%         N/A       100%        4
 Iskenderun's Mystic Bla  Conj/Tloc      0%         2d3       100%        4
 Leda's Liquefaction      Hex/Erth       0%         N/A       100%        4
 Sticky Flame             Conj/Fire      0%         2d3       100%        4
 Starburst                Conj/Fire      0%         6d3       100%        6
 Orb of Destruction       Conj           0%         9d5       100%        7
 Call Canine Familiar     Summ           Unusable   N/A       N/A         3
 Summon Guardian Golem    Hex/Summ       Unusable   N/A       N/A         3
 Summon Forest            Summ/Tloc      Unusable   N/A       N/A         5
 Summon Mana Viper        Hex/Summ       Unusable   N/A       N/A         5
 Simulacrum               Ice/Necr       Unusable   N/A       N/A         6
 Summon Cactus Giant      Summ           Unusable   N/A       N/A         6
 Spellforged Servitor     Conj/Summ      Unusable   N/A       N/A         7

Dungeon Overview and Level Annotations

Branches:
Dungeon (11/15)            Temple (1/1) D:5            Lair (2/5) D:11
 Spider (0/4) Lair:2          Orc (0/2) D:9         Gauntlet (1/1)
  Swamp: Lair:2-3    Shoals: Lair:2-3

Altars:
Ashenzari
Cheibriados
Dithmenos
Elyvilon
Fedhas
Gozag
Hepliaklqana
Kikubaaqudgha
Makhleb
Nemelex Xobeh
Okawaru
Qazlal
Ru
Sif Muna
Trog
Uskayaw
Vehumet
Wu Jian
Xom
Yredelemnul
Zin
The Shining One

Shops:
D:4 (   D:10 (

Annotations:
D:2 1 runed translucent door, Crazy Yiuf
D:4 Dig
Lair:1 exclusion: obsidian statue Gauntlet 4 transporters, exclusion: obsidian statue


Innate Abilities, Weirdness & Mutations

You have a pair of horns on your head.
You reflexively headbutt those who attack you in melee.
You have a somewhat thin skeletal structure. (Dex +2, Stealth+)
You are dopey. (Int -2)
You are covered in fur. (AC +1)
((You are occasionally teleported next to monsters.))
Your spells are a little easier to cast, but a little less powerful.


Message History

The minotaur hits your +1 spectral long sword with a +3 demon trident of draining!
Your spectral weapon shares its damage with you!
The minotaur misses your +1 spectral long sword.
You hit the minotaur but do no damage.
You headbutt the minotaur, but do no damage.
The minotaur is severely wounded.
Your +1 spectral long sword hits the minotaur but does no damage.
Unknown command.
You hit the minotaur but do no damage. You headbutt the minotaur.
The minotaur is severely wounded.
Your +1 spectral long sword hits the minotaur but does no damage.
The minotaur hits you but does no damage.
You partially resist.
The minotaur gores you but does no damage.
Unknown command.
You hit the minotaur but do no damage.
You headbutt the minotaur, but do no damage.
The minotaur is severely wounded.
Your +1 spectral long sword hits the minotaur!
You block the minotaur's attack. The minotaur gores you!
Unknown command.
You hit the minotaur but do no damage.
You headbutt the minotaur, but do no damage.
The minotaur is severely wounded.
Your +1 spectral long sword hits the minotaur but does no damage.
Unknown command.
You hit the minotaur but do no damage.
You headbutt the minotaur, but do no damage.
The minotaur is severely wounded.
Your +1 spectral long sword hits the minotaur!
The minotaur hits your +1 spectral long sword with a +3 demon trident of draining!!
Your spectral weapon shares its damage with you!
Your +1 spectral long sword fades away.
* * * LOW HITPOINT WARNING * * *
The minotaur bellows!
You hit the minotaur.
The minotaur is almost dead.
Your +1 spectral long sword hits the minotaur but does no damage.
The minotaur hits you with a +3 demon trident of draining!!
You die...

§............≈∩≈.................
#################################
#8##§...............≈##8# #8# #
####8.8.8..©.©..8.8.8#### ### #
#≈...............≈#
###.#.#######.#.### #.#..
#....#.# #.##.#(##.#.#
......H@....# #..##'##..#.# #8
#..#.# # #....# #.8### ####


You could see a minotaur and a friendly +1 spectral long sword (summoned).

Vanquished Creatures
  Erolcha (D:10)
  2 boulder beetles
  Erica (Lair:1)
  A two-headed ogre (D:11)
  A shining eye (Gauntlet)
  2 cyclopes
  2 black mambas (Lair:1)
  A cane toad (Lair:1)
  Psyche (D:11)
  A komodo dragon (D:11)
  A freezing wraith (D:11)
  4 trolls
  5 hornets
  A queen bee (D:10)
  4 centaur simulacra (Gauntlet)
  A large abomination (Gauntlet)
  A wyvern (D:8)
  3 shadows (D:10)
  3 wraiths (D:11)
  20 yaks
  A golden eye (Gauntlet)
  3 steam dragons
  5 vampire mosquitoes (D:11)
  Menkaure (D:7)
  3 wargs (D:9)
  2 water moccasins
  A floating eye (Gauntlet)
  3 ice beasts
  3 ogres
  A centaur (D:5)
  A phantom (D:5)
  4 kobold brigands
  Blork the orc (D:4)
  2 gnoll sergeants
  A necrophage (D:6)
  2 bullfrogs (Lair:1)
  A scorpion (D:4)
  A hornet simulacrum (Gauntlet)
  14 wights
  35 killer bees
  3 electric eels (Lair:1)
  8 howler monkeys
  3 small abominations (Gauntlet)
  A jelly (D:4)
  A gnoll bouda (D:10)
  A hound (D:5)
  3 iguanas
  3 orc wizards
  11 gnolls
  9 adders
  3 shadow imps
  A worm (D:3)
  A dart slug (D:4)
  13 orcs
  5 bats
  3 endoplasms
  A giant cockroach (D:3)
  6 goblins
  9 hobgoblins
  3 quokkas
  7 ball pythons
  3 frilled lizards
  28 kobolds
  4 rats
271 creatures vanquished.

Vanquished Creatures (others)
  22 demonic plants (Gauntlet)
  2 fungi (Lair:1)
  A plant (Lair:1)
25 creatures vanquished.

Grand Total: 296 creatures vanquished

Notes
Turn   | Place    | Note
-------+----------+-------------------------------------------
     0 | D:1      | Peloso the Minotaur Fighter began the quest for the Orb.
     0 | D:1      | Reached XP level 1. HP: 19/19 MP: 0/0
   655 | D:1      | Reached XP level 2. HP: 27/27 MP: 1/1
   790 | D:1      | Found a faded altar of an unknown god.
  1080 | D:1      | Reached skill level 3 in Long Blades
  1677 | D:2      | Reached XP level 3. HP: 29/33 MP: 2/2
  1996 | D:2      | Identified the +2 chain mail of Vatzafap {+Blink rN+ rCorr
                  | Slay+2}
  2196 | D:2      | Found a shadowy altar of Dithmenos.
  2325 | D:2      | Found a runed translucent door.
  2326 | D:2      | Noticed Crazy Yiuf
  2477 | D:3      | Reached XP level 4. HP: 40/40 MP: 3/3
  2513 | D:3      | Reached skill level 1 in Dodging
  2654 | D:3      | Found a glowing silver altar of Zin.
  2776 | D:3      | Noticed an ogre
  2904 | D:4      | Reached skill level 4 in Long Blades
  2910 | D:4      | Noticed a scorpion
  2915 | D:4      | Killed a scorpion
  2916 | D:4      | Reached XP level 5. HP: 47/47 MP: 4/4
  3033 | D:4      | Noticed Blork the orc
  3048 | D:4      | Killed Blork the orc
  3049 | D:4      | Reached skill level 5 in Armour
  3509 | D:4      | Reached XP level 6. HP: 53/53 MP: 5/5
  3642 | D:4      | Found Ligi's Antique Weapon Shop.
  3946 | D:5      | Entered Level 5 of the Dungeon
  3965 | D:4      | Reached skill level 5 in Long Blades
  4021 | D:5      | Reached skill level 5 in Shields
  4152 | D:5      | Found a radiant altar of Vehumet.
  4162 | D:5      | Noticed a water moccasin
  4170 | D:5      | Killed a water moccasin
  4171 | D:5      | Reached skill level 5 in Fighting
  4171 | D:5      | Reached XP level 7. HP: 24/61 MP: 4/6
  4863 | D:5      | Reached skill level 6 in Long Blades
  4864 | D:5      | Found a staircase to the Ecumenical Temple.
  4878 | Temple   | Entered the Ecumenical Temple
  4883 | Temple   | Became a worshipper of Warmaster Okawaru
  5355 | D:6      | Reached XP level 8. HP: 69/69 MP: 7/7
  6226 | D:7      | Noticed Menkaure
  6232 | D:7      | Killed Menkaure
  6233 | D:7      | Reached skill level 7 in Long Blades
  6529 | D:7      | Reached * piety under Okawaru
  6649 | D:7      | Noticed a hornet
  6658 | D:7      | Paralysed by a hornet for 2 turns
  6664 | D:7      | Killed a hornet
  6665 | D:7      | Reached skill level 8 in Long Blades
  7398 | D:7      | Noticed a troll
  7410 | D:7      | Killed a troll
  7411 | D:7      | Reached XP level 9. HP: 41/78 MP: 1/8
  8220 | D:7      | Reached skill level 9 in Long Blades
  8230 | D:7      | Reached skill level 1 in Stealth
  8440 | D:8      | Noticed a troll
  8449 | D:8      | Killed a troll
  8449 | D:8      | Reached ** piety under Okawaru
  8831 | D:8      | Found a bloodstained altar of Trog.
  8832 | D:8      | Found a glowing golden altar of the Shining One.
  9024 | D:8      | Reached skill level 10 in Armour
  9342 | D:9      | Reached skill level 10 in Long Blades
  9342 | D:9      | Reached skill level 1 in Invocations
  9496 | D:9      | Found a staircase to the Orcish Mines.
  9502 | D:9      | Reached *** piety under Okawaru
  9506 | D:9      | Reached XP level 10. HP: 87/88 MP: 9/9
  9851 | D:9      | Found an ornate altar of the Wu Jian Council.
  9879 | D:10     | Entered Level 10 of the Dungeon
  9949 | D:10     | Reached **** piety under Okawaru
 10185 | D:10     | Reached skill level 11 in Long Blades
 10514 | D:10     | Found Jasmuh's Antique Weapon Boutique.
 10708 | D:10     | Noticed a cyclops
 10717 | D:10     | Killed a cyclops
 11108 | D:10     | Reached ***** piety under Okawaru
 11109 | D:10     | Reached skill level 12 in Long Blades
 11156 | D:10     | Noticed Erolcha
 11439 | D:10     | Reached XP level 11. HP: 97/97 MP: 7/11
 11440 | D:10     | Killed Erolcha
 11453 | D:10     | Identified the +1 pair of gloves of Gravity {rPois rC+}
                  | (Okawaru gifted it to you on level 10 of the Dungeon)
 11453 | D:10     | Received a gift from Okawaru
 11697 | D:4      | Identified the +8 sling "Ismear" {vorpal, Int+4}
 11880 | D:11     | Noticed a two-headed ogre
 11892 | D:11     | Killed a two-headed ogre
 11966 | D:11     | Noticed a boulder beetle
 12206 | D:11     | Noticed Psyche
 12215 | D:11     | Killed Psyche
 12290 | D:11     | Found a staircase to the Lair.
 12448 | D:11     | Noticed a death knight
 12449 | D:11     | Noticed a green ugly thing
 12451 | D:11     | Reached skill level 13 in Long Blades
 12473 | D:11     | Killed a boulder beetle
 12994 | D:11     | Reached skill level 5 in Dodging
 13194 | Lair:1   | Entered Level 1 of the Lair of Beasts
 13301 | Lair:1   | Noticed Erica
 13309 | Lair:1   | Killed Erica
 13310 | Lair:1   | Reached skill level 10 in Fighting
 13564 | Lair:1   | Noticed a boulder beetle
 13571 | Lair:1   | Reached XP level 12. HP: 103/106 MP: 11/13
 13877 | Lair:1   | Identified the +7 dagger "Dragonbane" {holy, +Blink rCorr
                  | Int+8 Dex-5}
 14150 | Lair:1   | Killed a boulder beetle
 14151 | Lair:1   | Reached skill level 14 in Long Blades
 14632 | Lair:2   | Found a gate leading to a gauntlet.
 14647 | Gauntlet | Entered a Gauntlet
 14647 | Gauntlet | Found a transporter.
 14647 | Gauntlet | Found a transporter.
 14647 | Gauntlet | Found a transporter.
 14657 | Gauntlet | Found a transporter.
 14672 | Gauntlet | Found a transporter.
 14687 | Gauntlet | Found a transporter.
 14701 | Gauntlet | Found a transporter.
 14716 | Gauntlet | Found a transporter.
 14725 | Gauntlet | Found a transporter.
 14749 | Gauntlet | Found a transporter.
 14825 | Gauntlet | Found a transporter.
 14842 | Gauntlet | Found a transporter.
 15142 | Gauntlet | Identified 2 scrolls of acquirement
 15142 | Gauntlet | Acquired a +4 double sword of holy wrath
 15704 | Gauntlet | Identified the ring "Vostro" {Fire rPois Str+4}
 15724 | Gauntlet | Paralysed by a floating eye for 3 turns
 15725 | Gauntlet | Gained mutation: You are dopey. (Int -2) [a shining eye]
 15727 | Gauntlet | Gained mutation: You occasionally shout uncontrollably at
                  | your foes. [a shining eye]
 15730 | Gauntlet | Paralysed by a floating eye for 4 turns
 15736 | Gauntlet | Gained mutation: You are weak. (Str -2) [a shining eye]
 15737 | Gauntlet | Gained mutation: Your spells are a little easier to cast,
                  | but a little less powerful. [a shining eye]
 16219 | Gauntlet | Lost mutation: You are weak. (Str -2) [potion of mutation]
 16219 | Gauntlet | Lost mutation: You occasionally shout uncontrollably at
                  | your foes. [potion of mutation]
 16219 | Gauntlet | Gained mutation: You are covered in fur. (AC +1) [potion of
                  | mutation]
 16219 | Gauntlet | Gained mutation: You are occasionally teleported next to
                  | monsters. [potion of mutation]
 16219 | Gauntlet | Gained mutation: You have a somewhat thin skeletal
                  | structure. (Dex +2, Stealth+) [potion of mutation]
 16450 | Gauntlet | Paralysed by a hornet for 2 turns
 16451 | Gauntlet | Reached skill level 1 in Evocations
 16522 | Gauntlet | Noticed a minotaur
 16538 | Gauntlet | Slain by a minotaur

Illustrated notes

Levels and vault maps discovered:
D:1:      sevenhm_arrival_forest_fort_large_4, layout_basic,
          ebering_ecumenical_altar_rust, ebering_dispersal_statue_hall
D:2:      layout_basic, basic_altar, uniq_crazy_yiuf_cottage
D:3:      layout_basic, zin_treasury
D:4:      layout_loops_ring, serial_shops, shop, serial_glass, glass_columns_b,
          glass_columns_b, glass_columns_b, glass_columns_a, glass_columns_a,
          glass_columns_b, glass_columns_c, glass_columns_c,
          minmay_strange_pillars, due_unseen_surprise, item_on_display_a,
          minmay_strange_pillars, uniq_blork_the_orc
D:5:      layout_basic, fiery_altar_vehumet, minmay_temple_entry_nine_rooms
D:6:      layout_basic
D:7:      layout_loops_ring, minmay_quadrilaterals, uniq_menkaure
D:8:      layout_basic, nicolae_overflow_two_pavilions
D:9:      layout_roguey, nzn_wu_jian_council_hall, minmay_orc_entry_guard_dogs,
          corexii_leaking_fountain
D:10:     layout_roguey [special_room_bee], serial_shops, nicolae_shop_crystal,
          uniq_erolcha
D:11:     minmay_the_grid_triangle_9x9_recursive_3
          [minmay_the_grid_triangle_9x9_zippers_horizontal,
          minmay_the_grid_triangle_9x9_swiss_cheese,
          minmay_the_grid_triangle_9x9_cache,
          minmay_the_grid_triangle_9x9_prize_insulated,
          minmay_the_grid_triangle_9x9_thin_v,
          minmay_the_grid_triangle_9x9_longest,
          minmay_the_grid_triangle_9x9_minimal,
          minmay_the_grid_triangle_9x9_empty,
          minmay_the_grid_triangle_9x9_stretched_checkered], layout_cave_pools,
          uniq_psyche
Temple:   sentei_temple_godly_chess
Lair:1:   statuecave_lemuel, layout_cave_pods, fungi_pond_lemuel, uniq_erica
Lair:2:   layout_cave_pods, spider_nest_entry_funnel_web,
          gauntlet_entry_generic, grunt_forest_large_clearing_hut,
          serial_bayou_shore_b
Gauntlet: gammafunk_gauntlet_shortcut [nicolae_gauntlet_arena_t_cross,
          gammafunk_gauntlet_arena_crates, gammafunk_gauntlet_arena_chambers,
          gammafunk_gauntlet_arena_hedges, nicolae_gauntlet_arena_flowing_pool,
          gammafunk_gauntlet_arena_grid, nicolae_gauntlet_exit_dead_adventurers]

Skill      XL: |  1  2  3  4  5  6  7  8  9 10 11 12 |
---------------+-------------------------------------+-----
Fighting       | 4 5 6 7 9 10 | 10.4
Shields        | 4 5 6 7 8 |  8.8
Long Blades    | 3 4 5 6 8 10 12 13 14 | 14.3
Armour         | 4 5 6 7 9 10 11 12 13 | 13.1
Dodging        | 1 2 3 4 5 |  5.6
Stealth        | 1 2 3 |  3.9
Invocations    | 1 2 3 |  3.3
Evocations     | 1 |  1.0

Action                   |  1- 3 |  4- 6 |  7- 9 | 10-12 || total
-------------------------+-------+-------+-------+-------++-------
Melee: Long sword        |   109 |    86 |   281 |   365 ||   841
       Headbutt          |     9 |    16 |    41 |    95 ||   161
       Double sword      |       |       |       |    20 ||    20
Invok: Heroism           |       |       |     6 |    16 ||    22
Evoke: Wand              |       |       |       |     6 ||     6
  Use: Potion            |       |     2 |     3 |     3 ||     8
       Scroll            |       |       |     8 |    13 ||    21
 Stab: Distracted        |       |       |       |     6 ||     6
Armor: Scale mail        |    61 |       |       |       ||    61
       Chain mail        |     9 |    44 |   140 |   141 ||   334
       Skin              |       |       |    11 |       ||    11
Dodge: Dodged            |    53 |    18 |   102 |   156 ||   329
Block: Buckler           |    26 |    18 |    59 |    84 ||   187
